AoeStats
← Jeffrey

Arena

505800567Analyzed
4v4 RM · 22d ago on Sep 11, 2026· 83m 16s· 8 players
Game mode
Random Map
Map size
Large (8 player)
Population
200
Speed
Normal
Resources
Standard
Victory
Conquest
Starting age
Dark Age
Ending age
Imperial Age
RankedLock teamsTeams togetherTeam positionsShared explorationLock speedFull tech treeHidden civsTurbo modeCheats
Victory
Defeat
🇨🇦 Sicilians · Canada
674
+17
🇻🇳 Spanish · Vietnam
674
+17
🇨🇦 Turks · Canada
655
+18
🇨🇳 Mongols · China
542
+23
🇵🇪 Romans · Peru
798
-22
🇨🇳 Bohemians · China
770
-22
🇵🇪 Byzantines · Peru
677
-18
🇵🇪 Vikings · Peru
558
-13
Jeffrey
13:31 Feudal Age
19:21 Double-Bit Axe
19:24 Horse Collar
19:36 Gold Mining
19:37 Stone Mining
25:42 Castle Age
26:36 Castle Age
27:04 Castle Age
30:07 Wheelbarrow
30:13 Gold Shaft Mining
29:31 Stone Mining
29:46 Heavy Plow
30:11 Bow Saw
30:23 Padded Archer Armor
33:17 Imperial Age
31:14 Fervor
31:49 Treadmill Crane
32:30 Ballistics
33:13 Leather Archer Armor
33:09 Scale Barding Armor
34:10 Hand Cart
35:49 Conscription
35:30 Artillery
36:01 Hand Cart
35:59 Caravan
38:39 Two-Man Saw
38:13 Ring Archer Armor
38:33 Elite Janissary
CastNowski
0:28 Loom
12:50 Feudal Age
15:09 Wheelbarrow
15:57 Double-Bit Axe
22:32 Castle Age
21:19 Forging
24:29 Arson
24:38 Horse Collar
27:26 Heavy Plow
29:23 Hand Cart
28:54 Town Watch
29:52 Bow Saw
29:37 Gold Mining
29:37 Stone Mining
31:43 Iron Casting
31:09 Scale Mail Armor
32:09 Squires
32:01 Fletching
33:11 Town Patrol
33:31 Chain Mail Armor
33:29 Murder Holes
36:05 Bodkin Arrow
36:49 Gold Shaft Mining
36:49 Stone Shaft Mining
36:31 Masonry
36:34 Caravan
41:17 Imperial Age
43:00 Blast Furnace
42:31 Plate Mail Armor
42:24 Ballistics
41:50 Arrowslits
41:37 Capped Ram
42:39 Conscription
44:22 Chemistry
43:28 Bracer
43:42 Guilds
42:56 Siege Ram
44:13 Hoardings
44:28 Elite Serjeant
44:41 Sappers
45:50 Crop Rotation
52:22 Siege Engineers
刺猬
1:18 Loom
10:31 Feudal Age
10:59 Double-Bit Axe
10:58 Horse Collar
17:52 Gold Mining
18:20 Stone Mining
21:03 Castle Age
21:58 Bow Saw
22:12 Heavy Plow
25:03 Fervor
26:17 Stone Shaft Mining
26:05 Fletching
26:15 Padded Archer Armor
26:21 Scale Barding Armor
26:17 Scale Mail Armor
26:27 Forging
26:59 Gold Shaft Mining
29:26 Caravan
29:32 Bodkin Arrow
29:55 Leather Archer Armor
30:01 Chain Barding Armor
31:19 Wheelbarrow
32:32 Ballistics
32:10 Murder Holes
36:41 Imperial Age
34:39 Nomads
34:59 Hand Cart
35:19 Chain Mail Armor
35:44 Masonry
35:42 Arson
35:58 Squires
37:05 Iron Casting
37:25 Fortified Wall
37:13 Elite Mangudai
38:58 Drill
39:18 Hoardings
39:04 Bracer
39:37 Plate Mail Armor
40:29 Chemistry
40:16 Conscription
41:30 Husbandry
41:42 Bloodlines
Peter Xavier
0:50 Loom
12:58 Feudal Age
13:34 Horse Collar
13:43 Double-Bit Axe
15:13 Gold Mining
21:45 Castle Age
20:46 Bloodlines
21:35 Scale Barding Armor
23:24 Bow Saw
23:42 Heavy Plow
25:43 Stone Mining
31:45 Imperial Age
30:57 Stone Shaft Mining
31:27 Forging
31:56 Cavalier
34:05 Two-Man Saw
33:29 Husbandry
35:08 Caravan
36:32 Supremacy
36:40 Chain Barding Armor
38:09 Hoardings
38:33 Plate Barding Armor
39:34 Iron Casting
40:17 Coinage
40:02 Guilds
40:54 Wheelbarrow
42:34 Chemistry
42:02 Paladin
45:28 Blast Furnace
56:39 Hand Cart
56:49 Town Watch
58:01 Scale Mail Armor
58:27 Town Patrol
58:33 Town Patrol
68:37 Banking
Mijael
11:08 Feudal Age
11:39 Double-Bit Axe
11:39 Horse Collar
11:53 Gold Mining
16:46 Man-at-Arms
20:43 Stone Mining
24:17 Castle Age
25:51 Wheelbarrow
25:53 Bow Saw
25:47 Heavy Plow
27:05 Gold Shaft Mining
27:57 Loom
29:16 Coinage
28:47 Caravan
29:38 Fervor
31:11 Hand Cart
31:51 Elite Skirmisher
36:47 Ballistas
40:30 Imperial Age
38:07 Murder Holes
38:46 Squires
38:06 Pikeman
40:37 Heavy Scorpion
40:40 Capped Ram
42:30 Chemistry
43:38 Comitatenses
45:56 Elite Centurion
47:06 Conscription
48:49 Elite Centurion
50:20 Bloodlines
49:30 Light Cavalry
50:39 Husbandry
50:46 Cavalier
55:00 Siege Ram
61:45 Fortified Wall
72:42 Guilds
73:02 Banking
MarvinOoo ツ
4:15 Loom
10:30 Feudal Age
12:08 Double-Bit Axe
14:52 Horse Collar
15:38 Gold Mining
15:38 Stone Mining
20:06 Forging
27:27 Castle Age
26:40 Scale Barding Armor
26:41 Scale Mail Armor
30:16 Bow Saw
30:06 Heavy Plow
30:44 Gold Shaft Mining
30:45 Stone Shaft Mining
29:56 Pikeman
29:59 Elite Skirmisher
32:10 Iron Casting
31:50 Squires
33:13 Wheelbarrow
32:52 Gambesons
34:54 Chain Mail Armor
36:29 Arson
39:46 Imperial Age
40:02 Halberdier
42:35 Caravan
45:12 Two-Man Saw
46:03 Conscription
48:15 Hand Cart
51:15 Crop Rotation
51:17 Chain Barding Armor
51:35 Plate Mail Armor
50:44 Heavy Camel Rider
51:28 Husbandry
58:59 Plate Barding Armor
61:18 Ballistics
62:00 Chemistry
68:17 Cavalier
71:34 Paladin
72:07 Light Cavalry
75:18 Thumb Ring
76:53 Bombard Tower
77:58 Fortified Wall
80:06 Murder Holes
ElSucioDhate
16:30 Feudal Age
18:52 Arson
19:53 Horse Collar
20:00 Double-Bit Axe
19:46 Man-at-Arms
21:54 Forging
25:34 Castle Age
26:51 Bow Saw
26:43 Heavy Plow
26:53 Squires
26:38 Gambesons
26:14 Long Swordsman
27:42 Treadmill Crane
28:43 Fortified Wall
31:25 Elite Skirmisher
38:33 Imperial Age
39:17 Capped Ram
39:56 Crossbowman
40:13 Siege Ram
乱舞春秋
2:22 Loom
12:23 Feudal Age
12:58 Double-Bit Axe
13:40 Horse Collar
15:21 Wheelbarrow
15:26 Town Watch
22:03 Castle Age
23:06 Bow Saw
23:10 Heavy Plow
26:04 Hand Cart
26:58 Caravan
29:03 Treadmill Crane
35:30 Imperial Age
33:46 Town Patrol
33:42 Pikeman
34:08 Arson
35:04 Forging
34:54 Scale Mail Armor
34:45 Fletching
34:56 Padded Archer Armor
36:04 Chemistry
37:32 Two-Man Saw
36:59 Conscription
36:45 Wagenburg Tactics
36:00 Elite Hussite Wagon
38:04 Guilds
38:25 Coinage
38:35 Halberdier
39:15 Squires
40:32 Chain Mail Armor
40:53 Iron Casting
40:13 Bodkin Arrow
42:22 Plate Mail Armor
42:08 Leather Archer Armor
41:49 Bodkin Arrow
42:31 Houfnice
46:50 Ring Archer Armor
46:20 Bracer
47:21 Blast Furnace
71:28 Scale Barding Armor
Connection lost

Rejoining the realm…

Still unreachable

The connection could not be restored.

Session expired

The server has moved on; the page needs a fresh start.